 Dungeon Crawl Stone Soup version 0.26-a0-835-g8259106e14 (webtiles) character file.

Game seed: 11835271579873213306

312 marklar909 the Cutter (level 6, 0/43 HPs)
             Began as a Halfling Abyssal Knight on Nov 17, 2020.
             Was a Priest of Lugonu.
             Shot with an arrow by a centaur (4 damage)
             ... on level 5 of the Dungeon.
             The game lasted 00:07:02 (4376 turns).

marklar909 the Cutter (Halfling Abyssal Knight)     Turns: 4376, Time: 00:07:03

Health: 0/43       AC:  6    Str: 14    XL:     6   Next: 71%
Magic:  8/8        EV: 14    Int: 10    God:    Lugonu [***...]
Gold:   139        SH:  0    Dex: 15    Spells: 5/5 levels left

rFire    . . .     SeeInvis +   a - +3 dagger (speed)
rCold    . . .     Faith    .   (shield restricted)
rNeg     . . .     Spirit   .   k - +0 ring mail
rPois    .         Reflect  .   (no helmet)
rElec    .         Harm     .   l - +0 cloak
rCorr    +         Rampage  .   (no gloves)
MR       .....                  (no boots)
Stlth    +.........             (no amulet)
HPRegen  0.14/turn              v - ring of see invisible
MPRegen  0.11/turn              e - ring of resist corrosion

@: mighty, flying
A: small, mutation resistance 1
a: Depart the Abyss, Bend Space, Banish, Renounce Religion


You were on level 5 of the Dungeon.
You worshipped Lugonu.
Lugonu was most pleased with you.
You visited 1 branch of the dungeon, and saw 5 of its levels.
You visited the Abyss 1 time.

You collected 139 gold pieces.

Inventory:

Hand Weapons
 a - a +3 dagger of speed (weapon)
 b - a +0 hunting sling
Missiles
 f - 138 stones (quivered)
 q - 53 sling bullets
Armour
 k - a +0 ring mail (worn)
 l - a +0 cloak (worn)
Jewellery
 e - a ring of resist corrosion (right hand)
 o - an uncursed amulet of regeneration {unknown}
 v - a ring of see invisible (left hand)
Scrolls
 c - a scroll of immolation
 d - 6 scrolls of identify
 h - a scroll of amnesia
 m - a scroll of enchant armour {unknown}
 n - a scroll of random uselessness {unknown}
 p - 4 scrolls of remove curse
 s - a scroll of fear {unknown}
 w - a scroll of teleportation {unknown}
 x - a scroll of fog {unknown}
Potions
 g - a potion of degeneration
 t - a potion of mutation {unknown}
 u - a potion of might


   Skills:
 + Level 3.7 Fighting
 + Level 5.0 Short Blades
 + Level 0.9 Slings
 + Level 3.3 Armour
 + Level 3.0 Dodging
 + Level 0.4 Stealth
 * Level 2.8 Invocations


You had 5 spell levels left.
You didn't know any spells.
Your spell library was empty.

Dungeon Overview and Level Annotations

Branches:
Dungeon (5/15)
 Temple: D:4-7

Altars:


Innate Abilities, Weirdness & Mutations

You are small and have problems with some larger weapons.
You are somewhat resistant to further mutation.


Message History

* * * LOW HITPOINT WARNING * * *
You hit the iguana but do no damage.
The iguana is severely wounded.
It was a potion of might.
You feel very mighty all of a sudden. The iguana closely misses you.
Okay, then.
It was a potion of magic.
Magic courses through your body. The iguana closely misses you.
It was a potion of flight.
You feel very buoyant.
You fly up into the air.
The iguana misses you.
It was a potion of curing.
You feel better. The iguana bites you!
* * * LOW HITPOINT WARNING * * *
Okay, then.
You puncture the iguana!
You kill the iguana!
Lugonu accepts your kill.
The centaur shoots an arrow.
The arrow hits you.
You die...

...... .....
#(.h#+# #...#.#
#...#.######
#..(........
####..#####
#######..######
#....@(c.......
###.###..######
#.###..#
#.#....#
#...[.##
###.### #####.#
#.....#
#.########


You could see a centaur.

Vanquished Creatures
  A hound (D:4)
  2 iguanas
  2 worker ants (D:4)
  8 adders
  4 worms
  7 dart slugs
  4 leopard geckos
  7 orcs
  3 giant cockroaches
  10 goblins
  14 hobgoblins
  4 jackals (D:2)
  7 quokkas
  2 ball pythons
  12 bats
  4 frilled lizards
  10 kobolds
  9 rats
110 creatures vanquished.

Notes
Turn   | Place    | Note
-------+----------+-------------------------------------------
     0 | Abyss:1  | marklar909 the Halfling Abyssal Knight began the quest for
                  | the Orb.
     0 | Abyss:1  | Reached XP level 1. HP: 15/15 MP: 2/2
     9 | D:1      | Escaped the Abyss
   146 | D:1      | Reached XP level 2. HP: 16/21 MP: 3/3
   584 | D:1      | Reached ** piety under Lugonu
   585 | D:1      | Reached XP level 3. HP: 21/26 MP: 4/4
   832 | D:1      | Reached skill level 3 in Short Blades
  1434 | D:1      | Reached XP level 4. HP: 24/31 MP: 5/5
  2047 | D:2      | Reached *** piety under Lugonu
  2057 | D:2      | Reached XP level 5. HP: 31/36 MP: 6/6
  2645 | D:3      | Reached skill level 4 in Short Blades
  2980 | D:3      | Reached **** piety under Lugonu
  3439 | D:4      | Reached XP level 6. HP: 37/42 MP: 7/7
  3825 | D:4      | Reached skill level 5 in Short Blades
  4240 | D:5      | Entered Level 5 of the Dungeon
  4253 | D:5      | Noticed an ogre
  4376 | D:5      | Shot with an arrow by a centaur

Illustrated notes

Levels and vault maps discovered:
D:1:      tarquinn_simple_flora_water_d, layout_rooms, minmay_statues_item,
          hangedman_decor_riveting, minmay_tall_x
D:2:      layout_basic
D:3:      layout_rooms
D:4:      layout_rooms, portal_sewer_entry_d
D:5:      layout_basic, chequers_serial_rivers_small_a

Skill      XL: |  1  2  3  4  5  6 |
---------------+-------------------+-----
Fighting       | 3 |  3.7
Short Blades   | 3 4 5 |  5.0
Dodging        | 2 3 |  3.0
Armour         | 3 |  3.3
Slings         | |  0.9
Stealth        | |  0.4
Invocations    | |  2.8

Action                   |  1- 3 |  4- 6 || total
-------------------------+-------+-------++-------
Melee: Short sword       |   115 |       ||   115
       Dagger            |    31 |   362 ||   393
 Fire: Hunting sling     |       |    25 ||    25
Invok: Bend Space        |       |     1 ||     1
  Use: Scroll            |     2 |     2 ||     4
       Potion            |       |     4 ||     4
 Stab: Sleeping          |     1 |       ||     1
Armor: Leather armour    |    45 |       ||    45
       Ring mail         |     7 |    67 ||    74
Dodge: Dodged            |   142 |   188 ||   330

Table legend: (Time is in decaauts)
 A = Elapsed time spent in this place.
 B = Non-inter-level travel time spent in this place.
 C = Inter-level travel time spent in this place.
 D = Time resting spent in this place.
 E = Time spent auto-exploring this place.
 F = Levels seen in this place.
 G = Mean time per level.
                   A        B        C        D        E       F      G
               +--------+--------+--------+--------+--------+-----+--------+
         Total |   4189 |   3941 |    248 |    493 |   2665 |   6 |  698.2 |
       Dungeon |   4180 |   3932 |    248 |    493 |   2664 |   5 |  836.0 |
         Abyss |      9 |      9 |      0 |      0 |      1 |   1 |    9.0 |
               +--------+--------+--------+--------+--------+-----+--------+

Top non-repeatable levels by time:
     D:1: 1684 daAuts
     D:4: 868 daAuts
     D:3: 832 daAuts
     D:2: 686 daAuts
     D:5: 108 daAuts
 Abyss:1: 9 daAuts
